 Dungeon Crawl Stone Soup version 0.31-a0-233-g139696dc86 (webtiles) character file.

Game seed: 12471361382676468503

259 qw the Shooter (level 5, 0/45 HPs)
             Began as a Minotaur Hexslinger on July 8, 2023.
             Slain by a centaur zombie (1 damage)
             ... in an ossuary.
             The game lasted 00:00:59 (2763 turns).

qw the Shooter (Minotaur Hexslinger)                Turns: 2763, Time: 00:00:59

Health: 0/45       AC: 10    Str: 12    XL:     5   Next: 95%
Magic:  5/5        EV: 11    Int: 10    God:
Gold:   176        SH:  0    Dex: 15    Spells: 5/6 levels left

rFire   + . .        Y - +1 sling
rCold   . . .        (no shield)
rNeg    . . .        f - +3 ring mail {rF+}
rPois   .            (helmet restricted)
rElec   .            e - +0 cloak
rCorr   .            (no gloves)
SInv    .            c - +0 pair of boots
Will    .....        (no amulet)
Stlth   +            (no ring)
HPRegen 0.27/turn    (no ring)
MPRegen 0.09/turn

%: no passive effects
@: marked
A: horns 2, retaliatory headbutt
a: no special abilities


You were in an ossuary.
You visited 1 branch of the dungeon, and saw 4 of its levels.
You also visited: Ossuary.

You collected 176 gold pieces.


Innate Abilities, Weirdness & Mutations

You have a pair of horns on your head.
You reflexively headbutt those who attack you in melee.


   Skills:
 + Level 3.0 Fighting
 - Level 6.1 Ranged Weapons
 - Level 1.5 Armour
 - Level 2.1 Dodging
 - Level 1.0 Spellcasting
 - Level 2.0 Hexes


You had 5 spell levels left.
You knew the following spells:

 Your Spells              Type           Power      Damage    Failure   Level
a - Slow                  Hex            16%        N/A       32%         1

Your spell library contained the following spells:

 Spells                   Type           Power      Damage    Failure   Level
 Inner Flame              Hex/Fire       2%         N/A       83%         3
 Portal Projectile        Hex/Tloc       4%         N/A       83%         3
 Cause Fear               Hex            2%         N/A       97%         4

Inventory:

Hand Weapons
 Y - a +1 sling (weapon)
Armour
 c - a +0 pair of boots (worn)
 e - a +0 cloak (worn)
 f - a +3 ring mail of fire resistance (worn)
Wands
 h - a wand of digging (7)
Potions
 a - a potion of attraction {unknown}
 d - a potion of brilliance {unknown}
 g - 2 potions of curing

Dungeon Overview and Level Annotations

Branches:
Dungeon (4/15)            Ossuary (1/1)
 Temple: D:4-7

Altars:

Annotations:
D:3 1 runed translucent door, Crazy Yiuf


Message History

You headbutt the centaur zombie. The centaur zombie kicks you.
The centaur zombie hits you but does no damage.
The centaur zombie kicks you but does no damage.
The centaur zombie hits you but does no damage.
The centaur zombie barely misses you.
Your Ranged Weapons skill increases to level 6!
You shoot a sling bullet.
The sling bullet barely misses the centaur zombie.
The centaur zombie barely misses you. The centaur zombie closely misses you.
The centaur zombie hits you but does no damage.
The centaur zombie completely misses you.
The centaur zombie hits you but does no damage.
The centaur zombie closely misses you. The centaur zombie barely misses you.
The centaur zombie kicks you.
The centaur zombie hits you but does no damage.
The centaur zombie kicks you but does no damage.
The centaur zombie barely misses you. The centaur zombie misses you.
The centaur zombie barely misses you. You furiously retaliate!
You headbutt the centaur zombie, but do no damage.
The centaur zombie kicks you but does no damage.
The centaur zombie completely misses you.
You furiously retaliate!
You headbutt the centaur zombie, but do no damage.
The centaur zombie closely misses you.
You shoot a sling bullet.
The sling bullet hits the centaur zombie.
The centaur zombie is severely damaged.
The centaur zombie hits you but does no damage.
The centaur zombie closely misses you. The centaur zombie hits you.
The centaur zombie kicks you but does no damage.
The centaur zombie hits you but does no damage.
The centaur zombie barely misses you. The centaur zombie hits you.
The centaur zombie closely misses you.
The centaur zombie hits you but does no damage.
The centaur zombie kicks you but does no damage.
You shoot a sling bullet.
The sling bullet hits the centaur zombie but does no damage.
The centaur zombie is severely damaged.
The centaur zombie hits you.
You die...

# .#.###########
.........Z...##
..ยค.....ZZ@...#
Z.....\.\ZZ...#
^..^..........#
.Z..^........##
.#.########### #


You could see 5 centaur zombies.

Vanquished Creatures
  2 centaur zombies (Ossuary)
  An orc priest (D:3)
  Ijyb (D:3)
  3 mummies (Ossuary)
  3 adders
  2 worms (D:2)
  A dart slug (D:1)
  5 orcs (D:3)
  6 bats
  2 endoplasms
  2 giant cockroaches
  3 hobgoblins
  6 jackals (D:3)
  2 ball pythons (D:2)
  2 frilled lizards (D:3)
  11 goblins
  2 hobgoblin zombies (Ossuary)
  4 kobolds
  7 rats
65 creatures vanquished.

Notes
Turn   | Place    | Note
-------+----------+-------------------------------------------
     0 | D:1      | qw the Minotaur Hexslinger began the quest for the Orb.
     0 | D:1      | Reached XP level 1. HP: 16/16 MP: 1/1
     0 | D:1      | 0 ||| qw: Version: 0.3-a-46-gb1f654a
     0 | D:1      | 0 ||| qw: Game counter: 3493
     0 | D:1      | 0 ||| qw: Melee chars always use a shield: true
     0 | D:1      | 0 ||| qw: God list: Okawaru
     0 | D:1      | 0 ||| qw: Allow faded altars: false
     0 | D:1      | 0 ||| qw: Do Orc after clearing Dungeon:15 true
     0 | D:1      | 0 ||| qw: Do second Lair branch before Depths: true
     0 | D:1      | 0 ||| qw: Lair rune preference: random
     0 | D:1      | 0 ||| qw: Goals: Normal
     0 | D:1      | 0 ||| PLANNING D:1-11
   101 | D:1      | Reached skill level 3 in Ranged Weapons
   139 | D:1      | Reached XP level 2. HP: 22/23 MP: 2/2
   473 | D:1      | 473 ||| UPGRADING to +0 cloak.
   478 | D:1      | 478 ||| READING scroll labelled LEF KYKLINUEB.
   479 | D:1      | 479 ||| READING 3 scrolls labelled XENWAAXEDD.
   480 | D:1      | 480 ||| DROPPING scroll of poison.
   481 | D:1      | 481 ||| DROPPING 2 scrolls of amnesia.
   941 | D:2      | Reached XP level 3. HP: 27/29 MP: 3/3
  1334 | D:2      | 1334 ||| UPGRADING to +0 ring mail.
  1344 | D:2      | 1344 ||| DROPPING +0 robe.
  1345 | D:2      | 1345 ||| READING 2 scrolls labelled WINORH ORHAWNECU.
  1346 | D:2      | 1346 ||| READING scroll labelled YHEFOTRAGGI.
  1398 | D:2      | 1398 ||| DRINKING 2 clear potions.
  1399 | D:2      | 1399 ||| DROPPING scroll of summoning.
  1454 | D:3      | Reached skill level 4 in Ranged Weapons
  1562 | D:3      | 1562 ||| FLEEEEING.
  1563 | D:3      | 1563 ||| FLEEEEING.
  1700 | D:3      | Reached skill level 1 in Armour
  1753 | D:3      | Found a faded altar of an unknown god.
  1832 | D:3      | Reached XP level 4. HP: 36/36 MP: 4/4
  1866 | D:3      | Found a runed translucent door.
  1867 | D:3      | Noticed Crazy Yiuf
  2041 | D:3      | Reached skill level 5 in Ranged Weapons
  2104 | D:3      | Noticed Ijyb
  2123 | D:3      | Killed Ijyb
  2124 | D:3      | Reached skill level 3 in Fighting
  2124 | D:3      | Reached XP level 5. HP: 24/45 MP: 5/5
  2513 | D:3      | 2513 ||| UPGRADING to +0 pair of boots.
  2518 | D:3      | 2518 ||| UPGRADING to +3 ring mail of fire resistance.
  2528 | D:3      | 2528 ||| DROPPING +0 ring mail.
  2529 | D:3      | 2529 ||| READING scroll labelled NAOCHA DEQON.
  2656 | D:4      | 2656 ||| PLANNING OSSUARY
  2660 | D:4      | Found a sand-covered staircase.
  2670 | Ossuary  | Entered an ossuary
  2758 | Ossuary  | HP: 11/45 [centaur zombie (2)]
  2760 | Ossuary  | HP: 5/45 [centaur zombie (2)]
  2761 | Ossuary  | Reached skill level 6 in Ranged Weapons
  2762 | Ossuary  | HP: 2/45 [centaur zombie (2)]
  2763 | Ossuary  | Slain by a centaur zombie

Levels and vault maps discovered:
D:1:      saegor_arrival_simple_d, layout_rooms,
          hangedman_abyss_or_decor_lesser_grid
D:2:      layout_basic
D:3:      kennysheep_goblin_castle, layout_loops_ring,
          shapermc_ecumenical_altar_pompeii, uniq_crazy_yiuf_cottage
D:4:      layout_basic, enter_ossuary_1
Ossuary:  ossuary_the_hunt_dpeg

Skill      XL: |  1  2  3  4  5 |
---------------+----------------+-----
Ranged Weapons | 3 4 5 6 |  6.1
Fighting       | 2 3 |  3.0
Armour         | 1 |  1.5
Dodging        | |  2.1
Spellcasting   | |  1.0
Hexes          | |  2.0

Action                     |  1- 3 |  4- 6 || total
---------------------------+-------+-------++-------
   Fire: Sling             |   123 |    99 ||   222
    Use: Scroll            |     4 |     1 ||     5
         Potion            |     1 |       ||     1
 Armour: Robe              |     3 |       ||     3
         Ring mail         |     8 |   124 ||   132
  Dodge: Dodged            |    33 |   124 ||   157

Table legend:
 A = Non-vault XP
 B = Vault XP
 C = Vault XP percentage of total XP
 D = Non-vault monster count
 E = Vault monster count
 F = Vault count percentage of total count
                 A         B        C        D         E       F
            +---------+---------+-------+---------+---------+-------
      Total |     164 |     207 |  55.8 |      46 |      19 |  29.2
            +---------+---------+-------+---------+---------+-------
        D:1 |      27 |       0 |   0.0 |      16 |       0 |   0.0
        D:2 |      32 |       0 |   0.0 |       9 |       0 |   0.0
        D:3 |     103 |      58 |  36.0 |      20 |      12 |  37.5
        D:4 |       2 |       0 |   0.0 |       1 |       0 |   0.0
    Ossuary |       0 |     149 | 100.0 |       0 |       7 | 100.0
            +---------+---------+-------+---------+---------+-------
